 Dungeon Crawl Stone Soup version 0.25-a0-420-g1cc7eeb0d1 (webtiles) character file.

Game seed: 12801319952100602366, levelgen mode: deterministic

16 bmfx the Skirmisher (level 2, -3/31 HPs)
             Began as an Ogre Warper on Jan 18, 2020.
             Slain by Natasha (6 damage)
             ... on level 2 of the Dungeon.
             The game lasted 00:01:52 (665 turns).

bmfx the Skirmisher (Ogre Warper)                    Turns: 665, Time: 00:01:53

Health: -3/31      AC:  4    Str: 14    XL:     2   Next: 58%
Magic:  3/5        EV: 10    Int: 14    God:
Gold:   61         SH:  0    Dex:  8    Spells: 1/5 levels left

rFire    . . .     SeeInvis .   a - +0 hand axe
rCold    . . .     Gourm    .   (no shield)
rNeg     . . .     Faith    .   b - +0 robe
rPois    .         Spirit   .   (helmet restricted)
rElec    .         Reflect  .   j - +0 cloak {MR+}
rCorr    .         Harm     .   (gloves unavailable)
MR       +....                  (boots unavailable)
Stlth    +.........             (no amulet)
HPRegen  0.10/turn              (no ring)
MPRegen  0.09/turn              (no ring)

@: no status effects
A: large, unfitting armour, tough skin 1
a: no special abilities


You were on level 2 of the Dungeon.
You were not hungry.

You visited 1 branch of the dungeon, and saw 2 of its levels.

You collected 61 gold pieces.


Innate Abilities, Weirdness & Mutations

You are too large for most types of armour.
You have tough skin. (AC +1)

Dungeon Overview and Level Annotations

Branches:
Dungeon (1/15)

Altars:

Annotations:
D:2 Natasha


   Skills:
 + Level 3.1 Fighting
 * Level 2.5 Axes
 + Level 1.4 Throwing
 - Level 2.1 Dodging
 - Level 2.4 Spellcasting
 + Level 2.7 Translocations


You had one spell level left.
You knew the following spells:

 Your Spells              Type           Power        Failure   Level  Hunger
b - Blink                 Tloc           N/A          11%         2    ###....
A - Shroud of Golubria    Chrm/Tloc      #.....       21%         2    ###....

Your spell library contained the following spells:

 Spells                   Type           Power        Failure   Level  Hunger
 Gell's Gravitas          Tloc           #.........   22%         3    ###....
 Lesser Beckoning         Tloc           #.........   22%         3    ###....
 Teleport Other           Tloc           #.......     22%         3    ###....
 Passage of Golubria      Tloc           N/A          58%         4    #####..

Action                   || total
-------------------------++-------
Melee: Hand axe          ||    34
Throw: Stone             ||     9
 Cast: Shroud of Golubri ||     2
Armor: Robe              ||    11
Dodge: Dodged            ||    21

Skill      XL: |  1 |
---------------+----+-----
Fighting       | 3 |  3.1
Axes           | |  2.5
Throwing       | |  1.4
Dodging        | |  2.1
Spellcasting   | |  2.4
Translocations | |  2.7

Inventory:

Hand Weapons
 a - a +0 hand axe (weapon)
Missiles
 e - 5 boomerangs of dispersal
 i - 60 stones (quivered)
Armour
 b - a +0 robe (worn)
 j - a +0 cloak of magic resistance (worn)
Scrolls
 d - a scroll of blinking {@r2}
 h - 2 scrolls of fog {unknown}
 l - 2 scrolls of identify {unknown}
 m - a scroll of teleportation {unknown}
 p - a scroll of remove curse {unknown}
 q - 2 scrolls of enchant weapon {unknown}
 s - a scroll of random uselessness {unknown}
Potions
 g - a potion of degeneration {unknown}
 k - a potion of resistance {unknown}
 n - a potion of curing {unknown}
 o - a potion of ambrosia {unknown}
 r - 2 potions of flight {unknown}
Comestibles
 c - 3 chunks of flesh {@w1}
 f - 3 rations

###.# ..#.#
#.#.# #.#.# #.#
#.# #.#
##.############
#.#
........hr.....
#÷# #@#
#÷######## #.#
#........# #.#
########.# ##.##
#.######...####
#...............
########...#####
##.## #.#


You could see Natasha and a rat.

Vanquished Creatures
  A leopard gecko (D:1)
  2 goblins (D:1)
  2 hobgoblins (D:1)
  3 jackals (D:2)
  A bat (D:1)
  2 frilled lizards
  2 kobolds (D:1)
  A rat (D:1)
14 creatures vanquished.

Levels and vault maps discovered:
D:1:      nagdon_arrival_double_spiral, layout_rooms,
          chequers_serial_rivers_small_3
D:2:      layout_loops_ring, first_ration,
          chequers_ecumenical_altar_simple_redux, st_stairs_13, uniq_natasha


Message History

You hit Natasha but do no damage.
Natasha is severely wounded.
Natasha casts a spell at you. The magic dart hits you.
* * * LOW HITPOINT WARNING * * *
Natasha claws you.
* * * LOW HITPOINT WARNING * * *
You barely miss Natasha.
Natasha is severely wounded.
Natasha claws you.
* * * LOW HITPOINT WARNING * * *
You closely miss Natasha.
Natasha is severely wounded.
Natasha closely misses you. Natasha misses you.
You closely miss Natasha.
Natasha is severely wounded.
Natasha howls an incantation.
You feel troubled. Natasha claws you but does no damage. Natasha claws you.
You die...

Notes
Turn   | Place    | Note
-------+----------+-------------------------------------------
     0 | D:1      | bmfx the Ogre Warper began the quest for the Orb.
     0 | D:1      | Reached XP level 1. HP: 22/22 MP: 3/3
   230 | D:1      | Reached skill level 3 in Fighting
   230 | D:1      | Reached XP level 2. HP: 31/31 MP: 5/5
   235 | D:1      | Learned a level 2 spell: Blink
   238 | D:1      | Learned a level 2 spell: Shroud of Golubria
   503 | D:1      | You fall into a shaft and drop 1 floor!
   655 | D:2      | Noticed Natasha
   665 | D:2      | Slain by Natasha
